 Dungeon Crawl Stone Soup version 0.27-a0-1196-g3e9cee4cb2 (webtiles) character file.

Game seed: 16518109313614218068

30 senseless the Insei (level 2, 0/22 HPs)
             Began as a Demigod Transmuter on May 28, 2021.
             Slain by a bat (1 damage)
             ... on level 1 of the Dungeon.
             The game lasted 00:01:27 (553 turns).

senseless the Insei (Demigod Transmuter)             Turns: 553, Time: 00:01:27

Health: 0/22       AC:  2    Str: 11    XL:     2   Next: 84%
Magic:  7/7        EV: 12    Int: 15    God:
Gold:   2          SH:  0    Dex: 14    Spells: 3/4 levels left

rFire    . . .     SeeInvis .     - Unarmed
rCold    . . .     Faith    .   (no shield)
rNeg     . . .     Spirit   .   a - +0 robe
rPois    .         Reflect  .   (helmet currently unavailable)
rElec    .         Harm     .   (no cloak)
rCorr    .         Rampage  .   (no gloves)
Will     .....                  (boots currently unavailable)
Stlth    +.........             (no amulet)
HPRegen  0.07/turn              (no ring)
MPRegen  0.10/turn              (no ring)

@: appendages (expiring)
A: horns 2, talons 2, high mp 1, forlorn
a: End Transformation


You were on level 1 of the Dungeon.
You had temporarily grown beastly horns and talons.
You visited 1 branch of the dungeon, and saw 1 of its levels.

You collected 2 gold pieces.

Inventory:

Armour
 a - a +0 robe (worn)
Scrolls
 d - a scroll of identify {unknown}
Potions
 b - a potion of haste {unknown}
 c - a potion of ambrosia {unknown}


   Skills:
 + Level 0.8 Fighting
 + Level 2.1 Dodging
 + Level 3.3 Unarmed Combat
 + Level 1.9 Spellcasting
 + Level 2.1 Transmutations


You had 3 spell levels left.
You knew the following spells:

 Your Spells              Type           Power      Damage    Failure   Level
a - Beastly Appendage     Tmut           16%        N/A       9%          1

Your spell library contained the following spells:

 Spells                   Type           Power      Damage    Failure   Level
 Wereblood                Tmut           8%         N/A       14%         2
 Spider Form              Tmut/Pois      2%         N/A       38%         3
 Ice Form                 Ice/Tmut       4%         N/A       80%         4
 Hydra Form               Tmut           4%         N/A       94%         5


Dungeon Overview and Level Annotations

Branches:
Dungeon (1/15)


Innate Abilities, Weirdness & Mutations

You have temporarily grown beastly horns and talons.
Your attributes grow dramatically as you level up.
You have an increased reservoir of magic. (+10% MP)
You shall have no god before yourself.


Message History

The bat hits you but does no damage. The jackal barely misses you.
A jackal comes into view.
The jackal barks!
You hit the jackal but do no damage. Your kick misses the jackal.
Your headbutt misses the jackal.
The jackal is lightly wounded.
You hear a bark!
The bat closely misses you. The jackal completely misses you.
The bat hits you but does no damage. The jackal bites you.
You hit the jackal but do no damage. Your kick misses the jackal.
Your headbutt misses the jackal.
The jackal is lightly wounded.
The bat hits you. The jackal closely misses you.
You hit the jackal.
You kill the jackal!
The bat hits you. The jackal barely misses you.
You barely miss the jackal. The jackal closely misses you.
The bat barely misses you.
You barely miss the jackal. You claw the jackal.
The jackal is severely wounded.
The bat closely misses you. The jackal bites you.
* * * LOW HITPOINT WARNING * * *
The endoplasm jiggles.
You closely miss the jackal. You claw the jackal.
You kill the jackal!
Your transformation is almost over.
The bat hits you.
* * * LOW HITPOINT WARNING * * *
You hit the jackal.
You kill the jackal!
The bat barely misses you. The bat completely misses you.
You closely miss the jackal. Your kick misses the jackal.
The bat hits you but does no damage. The jackal bites you.
* * * LOW HITPOINT WARNING * * *
The bat misses you.
You barely miss the jackal. Your kick misses the jackal.
You headbutt the jackal.
The jackal is moderately wounded.
The bat hits you.
You die...

.#..## .#...# .... .....##
... ......# #.. .#.#..#
#..## ..................
...........#.# ..# .#
.###...##..#.# #b# .# .#
#.#.##..#.#.#@##h# # .#
#.#.##..#.#.#h##.# .#
.###'#..#..#.#..J##.###.##
..).....#..#.###.##.......
........#..#.###........###
...............†..........
.......#.....###+#..###.##
.......#.....#..........####
...#........................


You could see an endoplasm, a jackal and a bat.

Vanquished Creatures
  A gnoll (D:1)
  2 ball pythons (D:1)
  2 endoplasms (D:1)
  A giant cockroach (D:1)
  A hobgoblin (D:1)
  4 jackals (D:1)
  2 kobolds (D:1)
  A quokka (D:1)
  A frilled lizard (D:1)
  A goblin (D:1)
  2 rats (D:1)
18 creatures vanquished.

Notes
Turn   | Place    | Note
-------+----------+-------------------------------------------
     0 | D:1      | senseless the Demigod Transmuter began the quest for the
                  | Orb.
     0 | D:1      | Reached XP level 1. HP: 15/15 MP: 5/5
    41 | D:1      | Reached skill level 3 in Unarmed Combat
    41 | D:1      | Reached XP level 2. HP: 16/22 MP: 4/7
   552 | D:1      | HP: 1/22 [jackal (2)]
   553 | D:1      | Slain by a bat

Illustrated notes

Levels and vault maps discovered:
D:1:      dpeg_arrival_orchard, layout_basic, minmay_tromino_mix6

Skill      XL: |  1  2 |
---------------+-------+-----
Unarmed Combat | 3 |  3.3
Transmutations | 2 |  2.1
Dodging        | 2 |  2.1
Fighting       | |  0.8
Spellcasting   | |  1.9

Action                   || total
-------------------------++-------
Melee: Unarmed           ||    56
       Headbutt          ||     5
       Kick              ||    10
 Cast: Beastly Appendage ||     9
Armor: Robe              ||    14
Dodge: Dodged            ||    32

Table legend: (Time is in decaauts)
 A = Elapsed time spent in this place.
 B = Non-inter-level travel time spent in this place.
 C = Inter-level travel time spent in this place.
 D = Time resting spent in this place.
 E = Time spent auto-exploring this place.
 F = Levels seen in this place.
 G = Mean time per level.
                   A        B        C        D        E       F      G
               +--------+--------+--------+--------+--------+-----+--------+
         Total |    549 |    549 |      0 |      0 |    431 |   1 |  549.0 |
       Dungeon |    549 |    549 |      0 |      0 |    431 |   1 |  549.0 |
               +--------+--------+--------+--------+--------+-----+--------+

Top non-repeatable levels by time:
     D:1: 549 daAuts
